 Seeded DCSS version 0.25-a0-96-g4073cf8 (webtiles) character file.

Game seed: 633108343144502177, levelgen mode: deterministic

246234 Anathematize the Severer (level 20, -15/164 HPs)
             Began as a Formicid Hunter on Nov 11, 2019.
             Was the Champion of Makhleb.
             Demolished by an emperor scorpion (30 damage)
             ... on level 4 of the Spider Nest.
             The game lasted 02:48:18 (48244 turns).

Anathematize the Severer (Formicid Hunter)         Turns: 48244, Time: 02:48:18

Health: -15/164    AC: 32    Str: 25    XL:     20   Next: 76%
Magic:  32/32      EV:  8    Int: 12    God:    Makhleb [******]
Gold:   2465       SH: 14    Dex: 11    Spells: 15/19 levels left

rFire    + . .     SeeInvis +   c - +5 battleaxe (freeze)
rCold    + . .     Gourm    .   S - +0 shield
rNeg     . . .     Faith    .   o - +9 scales of the Dragon King {rPois rF+ rC+ MR+}
rPois    +         Spirit   .   (helmet unavailable)
rElec    .         Reflect  .   z - +0 cloak
rCorr    +         Harm     .   L - +0 pair of gloves
MR       +++..                  (no boots)
Stlth    ..........             (no amulet)
HPRegen  0.37/turn              n - ring of resist corrosion
MPRegen  0.23/turn              T - +3 ring of slaying

@: lethally poisoned (-15 -> -50), very slightly contaminated
A: permanent stasis, dig shafts and tunnels, four strong arms, antennae 3
}: 1/15 runes: decaying
a: Dig, Shaft Self, Minor Destruction, Lesser Servant of Makhleb, Major
Destruction, Greater Servant of Makhleb, Renounce Religion


You were on level 4 of the Spider Nest.
You worshipped Makhleb.
Makhleb was exalted by your worship.
You were not hungry.

You visited 7 branches of the dungeon, and saw 34 of its levels.
You also visited: Sewer, Ossuary, Ice Cave and Volcano.

You collected 8417 gold pieces.
You spent 5952 gold pieces at shops.

Inventory:

Hand Weapons
 a - a +2 hand crossbow
 c - a +5 battleaxe of freezing (weapon)
Missiles
 d - 591 bolts
 Z - 9 curare-tipped darts (quivered)
Armour
 i - a scarf of cloud immunity
 o - the +9 scales of the Dragon King (worn) {rPois rF+ rC+ MR+}
   (You bought it in a shop on level 2 of the Orcish Mines)

   It protects you from fire.
   It protects you from cold.
   It protects you from poison.
   It affects your resistance to hostile enchantments.
 z - a +0 cloak (worn)
 L - a +0 pair of gloves (worn)
 S - a +0 shield (worn)
Jewellery
 n - a ring of resist corrosion (left hand)
 p - an uncursed ring of positive energy
 u - an uncursed ring of positive energy
 N - an uncursed ring of protection from magic
 O - an uncursed ring of protection from magic
 R - an uncursed ring of protection from fire
 T - a +3 ring of slaying (right hand)
 Y - an uncursed ring of ice
Wands
 h - a wand of clouds (3)
 w - a wand of digging (4)
 D - a wand of acid (23)
 F - a wand of random effects (39)
 H - a wand of iceblast (19)
 Q - a wand of paralysis (12)
Scrolls
 e - 2 scrolls of magic mapping
 g - a scroll of summoning
 k - 3 scrolls of enchant weapon
 s - 2 scrolls of vulnerability
 v - 4 scrolls of fog
 y - 9 scrolls of immolation
 A - 4 scrolls of noise
 C - 18 scrolls of remove curse
 E - 8 scrolls of amnesia
 J - a scroll of acquirement
 K - 5 scrolls of enchant armour
 M - a scroll of holy word
 U - a scroll of brand weapon
 V - 6 scrolls of identify
Potions
 b - a potion of invisibility
 j - 3 potions of lignification
 m - 6 potions of magic
 q - 10 potions of flight
 r - 9 potions of mutation
 t - 13 potions of curing
 x - 4 potions of agility
 B - 6 potions of brilliance
 G - 6 potions of heal wounds
 I - a potion of cancellation
 P - 4 potions of might
 W - 2 potions of ambrosia
 X - 8 potions of resistance
Comestibles
 f - 40 rations


   Skills:
 + Level 15.7 Fighting
 * Level 17.7 Axes
   Level 1.1(12.0) Maces & Flails
 - Level 10.0 Crossbows
 + Level 15.5 Armour
 - Level 5.0 Dodging
 - Level 1.2 Stealth
 - Level 15.0 Shields
 + Level 6.9 Hexes
 + Level 16.4 Invocations


You had 15 spell levels left.
You knew the following spells:

 Your Spells              Type           Power        Failure   Level  Hunger
a - Confuse               Hex            ###.....     82%         3    ####...
b - Confusing Touch       Hex            ###...       43%         1    ##.....

Your spell library contained the following spells:

 Spells                   Type           Power        Failure   Level  Hunger
 Freeze                   Ice            #...         100%        1    ##.....
 Corpse Rot               Necr           N/A          100%        2    ###....
 Shroud of Golubria       Chrm/Tloc      #.....       100%        2    ###....
 Sublimation of Blood     Necr           #.........   100%        2    ###....
 Throw Frost              Conj/Ice       #.....       100%        2    ###....
 Gell's Gravitas          Tloc           #.........   100%        3    ####...
 Lesser Beckoning         Tloc           #.........   100%        3    ####...
 Ozocubu's Armour         Chrm/Ice       #.......     100%        3    ####...
 Teleport Other           Tloc           #.......     100%        3    ####...
 Passage of Golubria      Tloc           N/A          100%        4    #####..
 Petrify                  Tmut/Erth      #.......     100%        4    #####..
 Summon Ice Beast         Ice/Summ       #.......     100%        4    #####..
 Throw Icicle             Conj/Ice       #.......     100%        4    #####..
 Agony                    Necr           #.......     100%        5    ######.
 Bolt of Draining         Conj/Necr      #.........   100%        5    ######.
 Dispel Undead            Necr           #.......     100%        5    ######.
 Excruciating Wounds      Chrm/Necr      #.........   100%        5    ######.
 Metabolic Englaciation   Hex/Ice        #.........   100%        5    ######.
 Yara's Violent Unravell  Hex/Tmut       #.........   100%        5    ######.
 Haunt                    Necr/Summ      #.........   100%        7    #######
 Borgnjor's Revivificati  Necr           #.........   100%        8    #######
 Death's Door             Chrm/Necr      #.........   100%        8    #######
 Infestation              Necr           #.........   100%        8    #######
 Necromutation            Tmut/Necr      #.........   100%        8    #######
 Blink                    Tloc           Unusable     N/A         2    N/A

Dungeon Overview and Level Annotations

Branches:
Dungeon (15/15)            Temple (1/1) D:6            Lair (6/6) D:11
  Swamp (4/4) Lair:2       Spider (4/4) Lair:3          Orc (2/2) D:9
    Elf (0/3) Orc:2        Vaults (2/5) D:14          Crypt (0/3) Vaults:2
 Depths (0/5) D:15          Sewer (visited)         Ossuary (visited)
  IceCv (visited)         Volcano (visited)
  Slime: Lair:5-6

Altars:
Ashenzari
Cheibriados
Dithmenos
Elyvilon
Fedhas
Hepliaklqana
Kikubaaqudgha
Makhleb
Nemelex Xobeh
Okawaru
Qazlal
Ru
Uskayaw
Vehumet
Wu Jian
Xom
Yredelemnul
Zin
The Shining One

Shops:
D:13 !   D:14 !   D:15 [   Orc:2 [}%[

Portals:
Hell: Lair:6

Annotations:
D:4 2 transporters
D:7 1 runed translucent door, spsoon's ghost, novice HaFE
D:8 exclusion: downstairs
Lair:3 exclusion: downstairs
Lair:5 exclusion: oklob plant
Swamp:1 1 runed translucent door, exclusion: door, Ysuot's ghost, journeyman OpWn
Swamp:3 exclusion: downstairs
Spider:1 3 runed translucent doors, exclusion: 3 doors, Vuykkinei's ghost, adept TrBe


Innate Abilities, Weirdness & Mutations

You cannot be hasted, slowed, berserked, paralysed or teleported.
You can dig through walls and to a lower floor.
Your four strong arms can wield two-handed weapons with a shield.
You have a pair of large antennae on your head. (SInv)


Message History

Unknown command.
You open the door.
You feel very sick. The emperor scorpion stings you.
* * * LOW HITPOINT WARNING * * *
You block the emperor scorpion's attack.
The emperor scorpion claws you but does no damage.
The emperor scorpion stings you!!
* * * LOW HITPOINT WARNING * * *
You block the emperor scorpion's attack.
The emperor scorpion barely misses you.
The emperor scorpion stings you but does no damage.
The emperor scorpion claws you but does no damage.
You block the emperor scorpion's attack.
Found a gossamer rune of Zot.
* * * LOW HITPOINT WARNING * * *
You feel very sick.
The emperor scorpion is caught in a web!
The emperor scorpion stings you!!
You die...

###≈≈≈≈.≈..≈^(.≈#≈≈≈.
######≈≈....##.≈##^...≈≈≈.
###≈≈≈#≈.^≈#≈.##≈.###..^≈##.
.≈≈≈≈≈≈..≈#####..≈# ##^..≈#
.≈##.....#####^.#####≈..≈#
#≈...^###^.#''#..###≈.≈##
###≈.≈### #^..##...# ##...#
##≈≈.≈######ss...^..#####≈.≈
##≈..≈≈# #φ.@s....††^##..#≈.≈
#≈..≈≈#################.≈≈≈≈.
###≈..≈≈≈..# ############.≈≈≈..
##.≈.≈###...###≈≈≈##..≈≈###^^##^
#....## ##.##≈≈...≈.....≈^### #≈
#...≈### ###.......[.≈#..≈### #≈
##≈...≈#####≈.≈##....?##...≈###≈
##..≈..≈##≈.^.##≈.^≈####≈...#≈.
###≈≈..≈...##.....## #...≈...


You could see 3 emperor scorpions.

Vanquished Creatures
  A sphinx (Vaults:2)
  Gastronok (Lair:2)
  3 thorn hunters
  Aizul (Spider:3)
  4 ghost moths (Spider:4)
  3 emperor scorpions
  A frost giant (Vaults:2)
  4 vault wardens
  Louise (Spider:1)
  7 ironheart preservers
  2 entropy weavers
  3 stone giants (Vaults:2)
  Nessos (D:14)
  A deep elf demonologist (Vaults:2)
  A dire elephant (Lair:6)
  A spark wasp (Spider:4)
  2 deep elf death magi (Vaults:2)
  2 great orbs of eyes (Vaults:2)
  4 ogre magi
  A rakshasa (Vaults:2)
  Harold (D:7)
  5 vault guards
  3 yaktaur captains
  18 hydras
  An ice dragon (Vaults:1)
  A shambling mangrove (Swamp:3)
  A ghost crab (Swamp:3)
  20 two-headed ogres
  4 centaur warriors
  2 death knights
  16 alligators
  4 death yaks
  3 orc high priests (Orc:2)
  2 deep elf knights
  Sonja (Lair:2)
  A salamander mystic (Volcano)
  A hell knight (Volcano)
  A sixfirhy (Lair:6)
  7 skeletal warriors
  2 flayed ghosts
  A swamp dragon (shapeshifter) (Vaults:2)
  5 wizards
  4 spriggan druids
  5 swamp dragons
  Pikel (D:4)
  3 necromancers
  12 orc knights
  4 deep elf archers
  A glowing orange brain (Vaults:2)
  A phantasmal warrior (Vaults:2)
  5 ironbrand convokers
  17 orb spiders
  5 cyclopes
  14 wolf spider zombies (Spider:1)
  A fire giant zombie (Vaults:1)
  6 deep elf magi
  18 wolf spiders
  11 ugly things
  3 moths of wrath
  7 orc sorcerers
  3 salamanders (Volcano)
  A frost giant zombie (Vaults:1)
  16 elephants
  Joseph (D:10)
  4 vault sentinels
  Psyche (D:8)
  3 gargoyles (D:14)
  2 torpor snails
  16 spiny frogs
  4 orange demons (Lair:6)
  2 centaur skeletons (D:13)
  2 efreet
  A freezing wraith (Vaults:2)
  17 yaktaurs
  9 demonic crawlers
  A kobold demonologist (D:14)
  12 komodo dragons
  10 redback zombies (Spider:1)
  A rime drake (Lair:6)
  A hellwing (Lair:6)
  A red devil (Lair:6)
  9 trolls
  14 hornets
  A polar bear (Lair:4)
  24 jumping spiders
  12 bog bodies
  9 tyrant leeches
  6 blink frogs
  Grinder (D:3)
  A frost giant simulacrum (Vaults:1)
  26 slime creatures
  6 dream sheep (Lair:6)
  12 tarantella zombies (Spider:1)
  10 hippogriffs
  Sigmund (D:6)
  A vampire (D:13)
  A shadow (Swamp:2)
  55 redbacks
  25 tarantellas
  5 spriggans
  6 wyverns
  5 basilisks
  55 yaks
  A hungry ghost (D:13)
  6 humans (D:14)
  22 vampire mosquitoes
  Eustachio (D:6)
  2 soldier ants
  18 insubstantial wisps
  11 swamp worms
  7 wargs
  3 acid dragons
  5 hell hounds (Lair:6)
  7 water moccasins
  25 orc warriors
  2 slaves
  10 porcupines
  2 black bears
  18 ice beasts
  3 sky beasts
  A phantom (D:8)
  14 swamp drakes
  2 eyes of draining (D:13)
  A human zombie (Vaults:1)
  8 necrophages
  2 wolves (D:9)
  16 ogres
  16 centaurs
  22 crocodiles
  6 big kobolds
  A deep troll simulacrum (Vaults:1)
  20 bullfrogs
  3 komodo dragon zombies (Swamp:3)
  A gnoll sergeant (D:8)
  2 wyvern zombies (D:11)
  4 scorpions
  A wyvern skeleton (D:5)
  A water moccasin skeleton (D:8)
  7 killer bees
  6 howler monkeys
  9 wights
  6 electric eels
  3 centaur zombies
  4 bullfrog zombies
  8 crimson imps
  5 hounds
  4 quasits
  4 jellies
  4 bullfrog skeletons
  16 orc priests
  5 iguanas
  Natasha (thrice) (D:4)
  26 orc wizards
  7 worker ants
  2 big kobold zombies
  A hound zombie (D:6)
  A hound skeleton (D:6)
  3 howler monkey zombies
  5 mummies
  2 worker ant zombies
  12 gnolls
  14 adders
  11 shadow imps
  4 ufetubi (Sewer)
  An ooze (Sewer)
  An adder skeleton (D:4)
  4 worms
  5 dart slugs
  3 leopard geckos
  90 orcs
  3 ball pythons
  8 giant cockroaches
  11 goblins
  9 hobgoblins
  3 quokkas
  6 bats
  5 frilled lizards
  A giant cockroach zombie (Sewer)
  2 hobgoblin zombies (Ossuary)
  48 kobolds
  A kobold zombie (Ossuary)
  3 orc zombies (Ossuary)
  A quokka skeleton (D:8)
  25 rats
  9 fungi
1330 creatures vanquished.

Vanquished Creatures (collateral kills)
  Arachne (Spider:4)
  Rupert (Lair:3)
  A vault warden (Vaults:1)
  A stone giant (Vaults:2)
  Snorg (D:12)
  2 vault guards
  3 hydras (Swamp:4)
  A centaur warrior (Vaults:2)
  A shambling mangrove (Swamp:2)
  A two-headed ogre (D:9)
  3 swamp dragons (Swamp:4)
  A deep elf archer (Vaults:2)
  2 orc knights
  An orc sorcerer (Orc:2)
  An ugly thing (D:12)
  3 salamanders (Volcano)
  A black mamba (Lair:2)
  2 vault sentinels
  A spiny frog (Swamp:2)
  A rime drake (Lair:1)
  A freezing wraith (Vaults:1)
  3 yaktaurs
  A troll (D:11)
  2 jumping spiders (Lair:3)
  A dream sheep (Lair:6)
  4 blink frogs
  4 redbacks (Lair:3)
  7 yaks
  A vampire mosquito (Swamp:2)
  2 humans (D:14)
  Grum (D:9)
  2 swamp drakes (Swamp:4)
  An orc warrior (Vaults:2)
  A crocodile (D:11)
  4 killer bees (D:7)
  A howler monkey (D:12)
  A crimson imp (D:9)
  2 orc priests (Orc:2)
  A hound (D:12)
  An orc wizard (D:12)
  2 adders (D:9)
  A quokka (D:9)
  A kobold (D:12)
74 creatures vanquished.

Vanquished Creatures (others)
  A two-headed ogre (D:8)
  A spriggan druid (Swamp:3)
  Maurice (D:8)
  A hornet (Swamp:3)
  A redback (Spider:2)
  A spriggan (Swamp:3)
  A human (D:14)
  A swamp drake (Swamp:4)
  A slave (D:4)
  A big kobold zombie (Sewer)
  A bush (D:11)
  11 fungi
  11 plants
33 creatures vanquished.

Grand Total: 1437 creatures vanquished

Notes
Turn   | Place    | Note
-------+----------+-------------------------------------------
     0 | D:1      | Anathematize the Formicid Hunter began the quest for the
                  | Orb.
     0 | D:1      | Reached XP level 1. HP: 16/16 MP: 1/1
   279 | D:1      | Reached XP level 2. HP: 6/23 MP: 2/2
  1456 | D:2      | Reached XP level 3. HP: 28/28 MP: 3/3
  1837 | D:2      | Reached skill level 1 in Maces & Flails
  1900 | D:2      | Reached skill level 1 in Armour
  2136 | D:2      | Reached XP level 4. HP: 26/34 MP: 4/4
  2517 | D:3      | Noticed Grinder
  2585 | D:3      | Found a faded altar of an unknown god.
  2749 | D:3      | Reached skill level 5 in Crossbows
  2749 | D:3      | Reached XP level 5. HP: 38/41 MP: 5/5
  2944 | D:3      | Found a glowing drain.
  2975 | Sewer    | Entered a sewer
  3282 | Sewer    | Reached skill level 1 in Axes
  3319 | Sewer    | Found a burning altar of Makhleb.
  3337 | Sewer    | Reached XP level 6. HP: 43/47 MP: 6/6
  3460 | Sewer    | Reached skill level 2 in Axes
  4023 | Sewer    | Became a worshipper of Makhleb the Destroyer
  4074 | D:3      | Killed Grinder
  4074 | D:3      | Reached skill level 3 in Axes
  4074 | D:3      | Reached skill level 1 in Invocations
  4074 | D:3      | Reached XP level 7. HP: 39/54 MP: 7/7
  4340 | D:4      | Noticed Natasha
  4350 | D:4      | Killed Natasha
  4398 | D:4      | Found a transporter.
  4767 | D:4      | Noticed Pikel
  4782 | D:4      | Killed Pikel
  4782 | D:4      | Reached skill level 5 in Fighting
  4782 | D:4      | Reached skill level 4 in Axes
  4782 | D:4      | Reached XP level 8. HP: 51/62 MP: 8/10
  4840 | D:4      | Found a transporter.
  5340 | D:4      | Reached skill level 5 in Axes
  5629 | D:4      | Noticed Natasha
  5636 | D:4      | Killed Natasha
  5738 | D:4      | Noticed Natasha
  5749 | D:4      | Killed Natasha
  5787 | D:5      | Entered Level 5 of the Dungeon
  5915 | D:5      | Reached XP level 9. HP: 60/68 MP: 11/11
  6031 | D:5      | Found a sand-covered staircase.
  6078 | Ossuary  | Entered an ossuary
  6182 | Ossuary  | Reached * piety under Makhleb
  6527 | D:5      | Found a radiant altar of Vehumet.
  6995 | D:5      | You fall into a shaft and drop 1 floor!
  7026 | D:6      | Found a staircase to the Ecumenical Temple.
  7032 | Temple   | Entered the Ecumenical Temple
  7186 | D:6      | Reached skill level 6 in Axes
  7186 | D:6      | Reached skill level 5 in Armour
  8090 | D:6      | Noticed Eustachio
  8111 | D:6      | Killed Eustachio
  8281 | D:6      | Reached skill level 5 in Invocations
  8339 | D:6      | Noticed Sigmund
  8352 | D:6      | Killed Sigmund
  8926 | D:6      | Reached ** piety under Makhleb
  9064 | D:6      | Reached skill level 7 in Axes
  9154 | D:6      | Reached XP level 10. HP: 77/77 MP: 12/14
  9971 | D:7      | Reached *** piety under Makhleb
 10018 | D:7      | Found a runed translucent door.
 10018 | D:7      | Noticed spsoon's ghost (novice HaFE)
 10021 | D:7      | Noticed Harold
 10071 | D:7      | Killed Harold
 10543 | D:7      | Reached skill level 8 in Axes
 11603 | D:8      | Noticed Maurice
 11603 | D:8      | Noticed a two-headed ogre
 11610 | D:8      | Killed Maurice
 11612 | D:8      | Killed a two-headed ogre
 11730 | D:8      | Noticed Psyche
 11742 | D:8      | Killed Psyche
 12222 | D:8      | Noticed a two-headed ogre
 12249 | D:8      | Killed a two-headed ogre
 12249 | D:8      | Reached XP level 11. HP: 60/84 MP: 14/16
 12613 | D:8      | Reached skill level 9 in Axes
 13127 | D:9      | Noticed a two-headed ogre
 13373 | D:9      | Reached **** piety under Makhleb
 13812 | D:9      | Found a staircase to the Orcish Mines.
 13865 | D:9      | Killed a two-headed ogre
 13945 | D:9      | Found a hide-covered altar of Uskayaw.
 14310 | D:9      | Noticed Grum
 14329 | D:9      | Killed Grum
 15151 | D:10     | Entered Level 10 of the Dungeon
 15837 | D:10     | Reached skill level 10 in Axes
 16117 | D:10     | Noticed Joseph
 16134 | D:10     | You fall into a shaft and drop 1 floor!
 16774 | D:10     | Reached XP level 12. HP: 61/94 MP: 18/18
 17678 | D:10     | You fall into a shaft and drop 2 floors!
 18015 | D:12     | Reached skill level 11 in Axes
 18499 | D:11     | Noticed Snorg
 18509 | D:12     | Killed Snorg
 18869 | D:11     | Found a staircase to the Lair.
 19615 | D:10     | Killed Joseph
 19898 | Lair:1   | Entered Level 1 of the Lair of Beasts
 19915 | Lair:1   | Noticed an eight-headed hydra
 19921 | Lair:1   | Killed an eight-headed hydra
 19921 | Lair:1   | Reached XP level 13. HP: 99/102 MP: 20/20
 20495 | Lair:1   | Noticed a seven-headed hydra
 20504 | Lair:1   | Killed a seven-headed hydra
 20628 | Lair:1   | Reached skill level 10 in Fighting
 21037 | Lair:2   | Reached skill level 10 in Crossbows
 21044 | Lair:2   | Noticed Gastronok
 21058 | Lair:2   | Killed Gastronok
 21058 | Lair:2   | Reached skill level 12 in Axes
 21058 | Lair:2   | Reached skill level 10 in Invocations
 21241 | Lair:2   | Noticed Sonja
 21245 | Lair:2   | Killed Sonja
 21810 | Lair:2   | Found a staircase to the Swamp.
 22645 | Lair:3   | Reached skill level 10 in Armour
 23257 | Lair:3   | Found a hole to the Spider Nest.
 23773 | Orc:1    | Entered Level 1 of the Orcish Mines
 24805 | Orc:2    | Entered Level 2 of the Orcish Mines
 24843 | Orc:2    | Found a dark tunnel.
 24864 | Volcano  | Entered a volcano
 24921 | Volcano  | Reached XP level 14. HP: 110/111 MP: 22/22
 24932 | Volcano  | Found a burning altar of Makhleb.
 25138 | Volcano  | Reached skill level 13 in Axes
 25455 | Orc:2    | Found a frozen archway.
 25482 | IceCv    | Entered an ice cave
 26085 | D:13     | Found Qopes's Distillery.
 26182 | D:13     | Bought a potion of heal wounds for 65 gold pieces
 26182 | D:13     | Bought a potion of curing for 39 gold pieces
 26808 | D:14     | Found Zaedey's Distillery.
 27029 | D:14     | Reached ***** piety under Makhleb
 27317 | D:14     | Found a gate to the Vaults.
 27389 | D:14     | Reached skill level 5 in Dodging
 27767 | D:14     | Found a shattered altar of Ashenzari.
 27891 | D:14     | Reached skill level 1 in Shields
 27933 | D:14     | Found a sacrificial altar of Ru.
 27937 | D:14     | Noticed Nessos
 27980 | D:14     | Killed Nessos
 27980 | D:14     | Reached skill level 14 in Axes
 28288 | Lair:3   | Reached XP level 15. HP: 97/120 MP: 23/23
 28819 | Lair:4   | Learned a level 3 spell: Confuse
 28821 | Lair:4   | Learned a level 1 spell: Confusing Touch
 29322 | Lair:5   | Reached skill level 5 in Shields
 29535 | Lair:5   | You fall into a shaft and drop 1 floor!
 29535 | Lair:6   | Entered Level 6 of the Lair of Beasts
 29686 | Lair:5   | Identified a scroll of acquirement
 30436 | Lair:6   | Reached ****** piety under Makhleb
 30966 | Lair:6   | Found a burning altar of Makhleb.
 31026 | Lair:6   | Found a gateway to Hell.
 31475 | Lair:6   | Reached XP level 16. HP: 129/129 MP: 25/25
 31929 | Orc:2    | Found a staircase to the Elven Halls.
 33039 | Orc:2    | Found Daikouxi's Antique Armour Shoppe.
 33039 | Orc:2    | Found Neg Foush's Antique Armour Shop.
 33042 | Orc:2    | Found Hautum's Food Shoppe.
 33042 | Orc:2    | Found Kaoseoco's Gadget Shop.
 33060 | Orc:2    | Bought the +9 scales of the Dragon King {rPois rF+ rC+ MR+}
                  | for 4492 gold pieces
 33060 | Orc:2    | Found the +9 scales of the Dragon King {rPois rF+ rC+ MR+}
 33261 | D:13     | Bought 2 potions of curing for 78 gold pieces
 33261 | D:13     | Bought a potion of curing for 39 gold pieces
 33261 | D:13     | Bought a potion of resistance for 130 gold pieces
 33261 | D:13     | Bought a potion of mutation for 104 gold pieces
 33261 | D:13     | Bought a potion of flight for 39 gold pieces
 33320 | D:14     | Bought a potion of curing for 42 gold pieces
 33320 | D:14     | Bought a potion of invisibility for 112 gold pieces
 33320 | D:14     | Bought a potion of curing for 42 gold pieces
 33320 | D:14     | Bought a potion of resistance for 140 gold pieces
 33320 | D:14     | Bought 2 potions of heal wounds for 140 gold pieces
 33320 | D:14     | Bought a potion of mutation for 112 gold pieces
 33320 | D:14     | Bought a potion of resistance for 140 gold pieces
 33320 | D:14     | Bought a potion of might for 56 gold pieces
 33320 | D:14     | Bought 2 potions of heal wounds for 140 gold pieces
 33320 | D:14     | Bought a potion of curing for 42 gold pieces
 33331 | D:15     | Entered Level 15 of the Dungeon
 33559 | D:15     | Found Usch's Antique Armour Boutique.
 34007 | D:15     | Reached skill level 10 in Shields
 34028 | D:15     | Found a staircase to the Depths.
 34321 | Swamp:1  | Entered Level 1 of the Swamp
 34613 | Swamp:1  | Reached skill level 15 in Axes
 34906 | Swamp:1  | Found a runed translucent door.
 34907 | Swamp:1  | Found a shimmering altar of Xom.
 34907 | Swamp:1  | Noticed Ysuot's ghost (journeyman OpWn)
 34908 | Swamp:1  | Identified the +10 double sword of the Forest {chaos,
                  | Dex+4}
 35463 | Swamp:2  | Noticed a thorn hunter
 35559 | Swamp:2  | Killed a thorn hunter
 35559 | Swamp:2  | Reached XP level 17. HP: 118/137 MP: 27/27
 37696 | Swamp:4  | Entered Level 4 of the Swamp
 38273 | Swamp:4  | Noticed a thorn hunter
 38296 | Swamp:4  | Killed a thorn hunter
 39195 | Swamp:4  | Noticed a thorn hunter
 39209 | Swamp:4  | Killed a thorn hunter
 39305 | Swamp:4  | Reached XP level 18. HP: 91/145 MP: 28/28
 39398 | Swamp:4  | Got a decaying rune of Zot
 39796 | Vaults:1 | Entered Level 1 of the Vaults
 39876 | Vaults:1 | You fall into a shaft and drop 1 floor!
 40072 | Vaults:2 | Found a staircase to the Crypt.
 40072 | Vaults:2 | Found an ancient bone altar of Kikubaaqudgha.
 40073 | Vaults:2 | Found a basalt altar of Yredelemnul.
 41063 | Vaults:1 | Reached skill level 15 in Invocations
 41072 | Vaults:1 | Reached skill level 16 in Axes
 41206 | Vaults:1 | You fall into a shaft and drop 1 floor!
 41237 | Vaults:2 | Reached XP level 19. HP: 153/153 MP: 30/30
 41261 | Vaults:2 | Reached skill level 15 in Shields
 41379 | Vaults:2 | Found the +0 Maxwell's etheric cage {RegenMP+ *Contam rElec
                  | MP+4}
 41608 | Vaults:2 | Reached skill level 1 in Hexes
 42395 | Vaults:2 | Reached skill level 15 in Fighting
 43272 | Spider:1 | Entered Level 1 of the Spider Nest
 43350 | Spider:1 | Noticed Rupert
 43398 | Lair:3   | Killed Rupert
 43881 | Spider:1 | Noticed Louise
 43926 | Spider:1 | Killed Louise
 44055 | Spider:1 | Reached skill level 15 in Armour
 44073 | Spider:1 | Found a runed translucent gate.
 44190 | Spider:1 | Found a runed translucent gate.
 44190 | Spider:1 | Found a runed translucent gate.
 44193 | Spider:1 | Noticed Vuykkinei's ghost (adept TrBe)
 44506 | Spider:2 | Reached skill level 17 in Axes
 44514 | Spider:2 | Reached XP level 20. HP: 162/162 MP: 31/31
 44616 | Spider:2 | Reached skill level 5 in Hexes
 45682 | Spider:3 | Noticed Aizul
 45790 | Spider:3 | Killed Aizul
 47182 | Spider:4 | Entered Level 4 of the Spider Nest
 47413 | Spider:4 | Noticed Arachne
 47426 | Spider:4 | Killed Arachne
 48244 | Spider:4 | Demolished by an emperor scorpion

Levels and vault maps discovered:
D:1:      dpeg_arrival_orchard, layout_loops_ring, serial_glass,
          glass_columns_b, glass_columns_c, glass_columns_a, glass_columns_b,
          glass_columns_a, glass_columns_b
D:2:      cheibrodos_old_hovel, layout_basic
D:3:      layout_rooms, chequers_ecumenical_altar_simple_redux, first_ration,
          cheibrodos_sewer_entry_bend, minmay_rat_hole, uniq_grinder
D:4:      gammafunk_cloud_chamber, layout_layer_cave, uniq_natasha, uniq_pikel
D:5:      minmay_recursive_quarters, layout_loops_corners, vehumet_crystals,
          gup_ossuary_entry_pyramid, minmay_misc_feat_enclosed,
          dk_noncrumbling_3
D:6:      corexii_shantytown, layout_loops_corners, minmay_temple_entry_hall,
          uniq_eustachio, uniq_sigmund
D:7:      layout_basic, hellmonk_ghost_happy_afterlife, uniq_harold
D:8:      layout_basic, uniq_maurice, uniq_psyche
D:9:      layout_rooms, hiddenorc1_lemuel, basic_altar,
          hangedman_pestilent_swarm, feat_on_display, uniq_grum
D:10:     layout_basic, hangedman_decor_growths, uniq_joseph
D:11:     layout_rooms, minmay_lair_entry_grove, uniq_snorg
D:12:     layout_cave_pools
D:13:     layout_rooms, serial_shops, shop
D:14:     layout_basic, ximxim_vaults_locker_room, serial_shops,
          kennysheep_mini_moat, evilmike_ruin_ashenzari,
          nicolae_ru_sacrificial_ziggurat, uniq_nessos
D:15:     grunt_enter_depths_magical_seal, layout_loops_cross, serial_shops,
          nicolae_shop_stone
Temple:   regret_index_temple_sigil_plot
Lair:1:   layout_cave_pods, infiniplex_staircase_pool_2
Lair:2:   layout_regular_city, minmay_swamp_entry_wisps, uniq_sonja,
          uniq_gastronok
Lair:3:   layout_regular_city, nicolae_spider_entry_tight_spaces,
          chequers_serial_rivers_room_a, roderic_carrion_pond,
          serial_bayou_shore_a
Lair:4:   layout_cave_shapes, beast_lair_carwin_5
Lair:5:   layout_regular_city, minmay_slime_entry_oklob_enclosed,
          columned_hall_lemuel
Lair:6:   evil_forest, layout_hall_layers, serial_bayou_shore_b
Swamp:1:  layout_falls_marsh, ebering_ghost_xom, evilmike_swamp_ruin_house_1
Swamp:2:  layout_basic_swamp, evilmike_swamp_ruin_house_2,
          hangedman_swamp_blocks
Swamp:3:  layout_basic_swamp, evilmike_swamp_ruin_house_5, swamp_pool5,
          nicolae_swamp_necromancer_hut
Swamp:4:  swamp_alternative, layout_basic_swamp, swamp_pool4
Spider:1: lemuel_spider_zombies, gammafunk_ghost_tricky_traps, uniq_louise,
          uniq_rupert
Spider:2: layout_spider_delve
Spider:3: layout_spider_delve, nicolae_spider_cling_halls, uniq_aizul
Spider:4: spider_rune_water, drop_trap, uniq_arachne
Orc:1:    layout_caves
Orc:2:    grunt_orc_tribal_feast, layout_caves, nicolae_volcano_entry_lava_flow,
          portal_ice_cave_entry_ice_beasts, gauntlet_entry_generic
Vaults:1: v_misc_1, vaults_dpeg_diagonal, ontoclasm_vaults_claustrophobia,
          v_misc_16, ontoclasm_vaults_ring_large, vaults_room_door_hall,
          nicolae_vaults_three_branches, v_alt_pattern_4, v_misc_8,
          nicolae_vaults_sealed_display, vaults_room_pools,
          ontoclasm_vaults_fault, grunt_vaults_hallway_short,
          nicolae_vaults_little_squares_4, ontoclasm_vaults_shuriken,
          layout_vaults_ring
Vaults:2: v_misc_25, nicolae_vaults_angled_halls, v_misc_28, st_eye,
          vaults_room_octagon, minmay_crypt_entry_necro_gods,
          vaults_room_semicircle, grunt_vaults_focal, layout_vaults_big_room

Skill      XL: |  1  2  3  4  5  6  7  8  9 10 11 12 13 14 15 16 17 18 19 20 |
---------------+-------------------------------------------------------------+-----
Maces & Flails | 1 |  1.1
Armour         | 1 2 3 4 5 6 8 9 10 11 12 13 14 15 | 15.5
Fighting       | 3 4 5 6 7 8 9 10 11 12 13 14 15 | 15.7
Crossbows      | 5 6 7 8 9 10 | 10.0
Axes           | 1 3 4 5 7 8 10 11 12 14 15 16 17 | 17.7
Invocations    | 1 3 5 6 8 9 10 11 12 13 14 15 16 | 16.4
Dodging        | 3 5 |  5.0
Shields        | 2 8 11 13 14 15 | 15.0
Hexes          | 4 6 |  6.9
Stealth        | |  1.2

Action                   |  1- 3 |  4- 6 |  7- 9 | 10-12 | 13-15 | 16-18 | 19-21 || total
-------------------------+-------+-------+-------+-------+-------+-------+-------++-------
Melee: Short sword       |   109 |       |       |       |       |       |       ||   109
       Mace              |     4 |       |       |       |       |       |       ||     4
       Dagger            |    15 |   169 |   330 |   141 |       |       |       ||   655
       War axe           |       |     9 |    34 |    57 |       |       |       ||   100
       Battleaxe         |       |       |    51 |   520 |   928 |  1053 |  1028 ||  3580
       Rapier            |       |       |     9 |       |       |       |       ||     9
 Fire: Hand crossbow     |     3 |    56 |    78 |    92 |    41 |   118 |    13 ||   401
Throw: Dart              |       |       |       |     7 |       |       |       ||     7
Invok: Minor Destruction |       |       |       |     3 |       |       |     7 ||    10
       Lesser Servant of |       |       |       |    25 |    22 |     7 |     3 ||    57
       Major Destruction |       |       |       |     1 |       |       |       ||     1
       Greater Servant o |       |       |       |       |       |     4 |     3 ||     7
 Abil: Dig               |       |       |       |     8 |     3 |     2 |    11 ||    24
       Shaft Self        |       |       |       |     2 |       |       |       ||     2
Evoke: Wand              |       |       |       |    20 |     7 |       |       ||    27
  Use: Potion            |     1 |     2 |       |    12 |     5 |     7 |     3 ||    30
       Scroll            |       |    12 |     8 |     7 |     8 |     5 |     2 ||    42
 Stab: Sleeping          |     2 |       |       |       |       |       |       ||     2
       Distracted        |       |       |       |     6 |     3 |       |       ||     9
       Invisible         |       |       |       |     1 |       |       |    15 ||    16
       Paralysed         |       |       |       |       |     3 |       |       ||     3
       Confused          |       |       |       |       |       |     1 |       ||     1
       Held in net/web   |       |       |       |       |       |       |     1 ||     1
  Eat: Chunk             |     4 |     5 |    11 |    31 |    38 |    24 |    15 ||   128
       Ration            |       |       |     2 |     2 |       |     3 |     3 ||    10
Armor: Leather armour    |     3 |       |       |       |       |       |       ||     3
       Ring mail         |    35 |       |       |    89 |    59 |       |       ||   183
       Chain mail        |     5 |   170 |   229 |   364 |       |       |       ||   768
       Plate armour      |       |       |       |       |   391 |    20 |       ||   411
       Skin              |       |       |       |       |    11 |       |       ||    11
       Gold dragon scale |       |       |       |       |       |   839 |   754 ||  1593
Dodge: Dodged            |    76 |   123 |   188 |   405 |   351 |   323 |   266 ||  1732
Block: Shield            |       |       |       |       |   171 |   759 |   690 ||  1620

Table legend:
 A = Non-vault XP
 B = Vault XP
 C = Vault XP percentage of total XP
 D = Non-vault monster count
 E = Vault monster count
 F = Vault count percentage of total count
                 A         B        C        D         E       F
            +---------+---------+-------+---------+---------+-------
      Total |  251827 |  143758 |  36.3 |     971 |     425 |  30.4
            +---------+---------+-------+---------+---------+-------
        D:1 |      21 |       0 |   0.0 |      12 |       0 |   0.0
        D:2 |      58 |       8 |  12.1 |      23 |       7 |  23.3
        D:3 |      72 |     291 |  80.2 |      11 |      16 |  59.3
        D:4 |     476 |     721 |  60.2 |      21 |       2 |   8.7
        D:5 |     313 |     188 |  37.5 |      18 |       5 |  21.7
        D:6 |     837 |     563 |  40.2 |      19 |      33 |  63.5
        D:7 |    1086 |    1023 |  48.5 |      25 |       1 |   3.8
        D:8 |    2940 |     528 |  15.2 |      44 |       2 |   4.3
        D:9 |    3986 |     549 |  12.1 |      51 |      20 |  28.2
       D:10 |    2133 |     481 |  18.4 |      26 |       1 |   3.7
       D:11 |    3181 |    1652 |  34.2 |      28 |      12 |  30.0
       D:12 |    4702 |     539 |  10.3 |      46 |       1 |   2.1
       D:13 |    6604 |       0 |   0.0 |      45 |       0 |   0.0
       D:14 |    8049 |    5713 |  41.5 |      26 |      12 |  31.6
       D:15 |   14606 |    8334 |  36.3 |      27 |      12 |  30.8
     Lair:1 |    3908 |       0 |   0.0 |      14 |       0 |   0.0
     Lair:2 |    3609 |    3350 |  48.1 |      12 |       8 |  40.0
     Lair:3 |    4426 |    4324 |  49.4 |      18 |      17 |  48.6
     Lair:4 |    7174 |    2646 |  26.9 |      25 |       5 |  16.7
     Lair:5 |    5205 |       0 |   0.0 |      18 |       0 |   0.0
     Lair:6 |   10745 |   10039 |  48.3 |      43 |      26 |  37.7
    Swamp:1 |    8193 |       0 |   0.0 |      21 |       0 |   0.0
    Swamp:2 |   20259 |       0 |   0.0 |      52 |       0 |   0.0
    Swamp:3 |   13383 |    1352 |   9.2 |      32 |       7 |  17.9
    Swamp:4 |   12160 |   15106 |  55.4 |      29 |      26 |  47.3
   Spider:1 |   13030 |   17173 |  56.9 |      36 |      38 |  51.4
   Spider:2 |   13593 |       0 |   0.0 |      38 |       0 |   0.0
   Spider:3 |   12510 |    1698 |  12.0 |      31 |       1 |   3.1
   Spider:4 |    9285 |   19817 |  68.1 |      26 |      37 |  58.7
      Orc:1 |    3209 |       0 |   0.0 |      25 |       0 |   0.0
      Orc:2 |     862 |    7911 |  90.2 |       4 |      38 |  90.5
   Vaults:1 |   27783 |   11487 |  29.3 |      63 |      14 |  18.2
   Vaults:2 |   33429 |   22408 |  40.1 |      62 |      24 |  27.9
      Sewer |       0 |     307 | 100.0 |       0 |      33 | 100.0
    Ossuary |       0 |     150 | 100.0 |       0 |      12 | 100.0
      IceCv |       0 |    1362 | 100.0 |       0 |       7 | 100.0
    Volcano |       0 |    4038 | 100.0 |       0 |       8 | 100.0
            +---------+---------+-------+---------+---------+-------
